 Dungeon Crawl Stone Soup version 0.30-a0-778-g2ef04afb54 (webtiles) character file.

Game seed: 17702033787669823223

1 Juicyj the Conjurer (level 1, 0/13 HPs)
             Began as a Merfolk Conjurer on Feb 16, 2023.
             Slain by a hobgoblin (4 damage)
             ... on level 1 of the Dungeon.
             The game lasted 00:00:18 (88 turns).

Juicyj the Conjurer (Merfolk Conjurer)                Turns: 88, Time: 00:00:19

Health: 0/13       AC:  2    Str:  7    XL:     1   Next: 20%
Magic:  0/3        EV: 12    Int: 17    God:
Gold:   2          SH:  0    Dex: 12    Spells: 3/4 levels left

rFire   . . .      SeeInvis .    (no weapon)
rCold   . . .      Faith    .    (no shield)
rNeg    . . .      Spirit   .    a - +0 robe
rPois   .          Reflect  .    (no helmet)
rElec   .          Harm     .    (no cloak)
rCorr   .          Rampage  .    (no gloves)
Will    .....                    (no boots)
Stlth   ++                       (no amulet)
HPRegen 0.22/turn                (no ring)
MPRegen 0.08/turn                (no ring)

@: no status effects
A: (nimble swimmer 2), mertail
a: no special abilities


You were on level 1 of the Dungeon.
You visited 1 branch of the dungeon, and saw 1 of its levels.

You collected 2 gold pieces.

Inventory:

Armour
 a - a +0 robe (worn)
Potions
 b - a potion of magic


   Skills:
 + Level 2.7 Dodging
 + Level 2.2 Stealth
 + Level 2.0 Spellcasting
 + Level 3.2 Conjurations


You had 3 spell levels left.
You knew the following spells:

 Your Spells              Type           Power      Damage    Failure   Level
a - Magic Dart            Conj           48%        1d5       4%          1

Your spell library contained the following spells:

 Spells                   Type           Power      Damage    Failure   Level
 Searing Ray              Conj           24%        2d5       8%          2
 Dazzling Flash           Conj/Hex       14%        N/A       30%         3
 Fulminant Prism          Conj/Hex       3%         3d5       69%         4
 Iskenderun's Mystic Bla  Conj/Tloc      7%         2d4       69%         4


Dungeon Overview and Level Annotations

Branches:
Dungeon (1/15)

Altars:


Innate Abilities, Weirdness & Mutations

((You are very nimble when in or above water. (Stealth+, EV+, Speed+++)))
Your lower body shifts to a powerful aquatic tail in water.


Message History

The magic dart hits the hobgoblin but does no damage.
The hobgoblin is moderately wounded.
The kobold misses you. The hobgoblin hits you.
The magic dart hits the hobgoblin.
The hobgoblin is severely wounded.
The hobgoblin barely misses you. The kobold hits you with a +0 club.
You are out of magic!
You are out of magic!
You are out of magic!
You are out of magic!
You closely miss the hobgoblin.
The hobgoblin is severely wounded.
The hobgoblin hits you but does no damage.
The kobold hits you but does no damage. The hobgoblin attacks as you move away!
The hobgoblin hits you but does no damage.
The kobold attacks as you move away! The kobold closely misses you.
You closely miss the kobold. The hobgoblin barely misses you.
The kobold hits you but does no damage.
You completely miss the kobold. The kobold hits you with a +0 club.
The hobgoblin closely misses you.
You closely miss the kobold. The hobgoblin barely misses you.
The kobold hits you but does no damage.
You barely miss the kobold. The kobold hits you with a +0 club.
The hobgoblin hits you.
* * * LOW HITPOINT WARNING * * *
You closely miss the kobold. The hobgoblin barely misses you.
The kobold hits you but does no damage.
You hit the kobold but do no damage. The kobold barely misses you.
The hobgoblin barely misses you.
You are too injured to fight recklessly!
Casting: Magic Dart (safe; 4% risk of failure)
Confirm with . or Enter, or press ? or * to list all spells.
Aiming: Magic Dart (safe; 4% risk of failure)
Press: ? - help, Shift-Dir - straight line, f - kobold, p - hobgoblin
Aim: a kobold, wielding a +0 club (100% to hit)
The magic dart hits the kobold.
The kobold is severely wounded.
The hobgoblin hits you.
You die...

#♣...#...P.P.##.#
#P...'...♣.♣..#.#
#♣<..'......P.#.#
#P..P#.P........# ##
#P..####.....#..##..##.
#P♣.#P.#.P♣..#..#....#.
##P.'.♣#.♣...#..##P.##.
#####P#...♣.#..# ###
##.. P #.@# ..
....#gK##.#
#..........#
#...##.....# ##.
#.....# .. #.....# #
##...## ##.## #.#


You could see a hobgoblin and a kobold.

Vanquished Creatures
  A quokka (D:1)
1 creature vanquished.

Notes
Turn   | Place    | Note
-------+----------+-------------------------------------------
     0 | D:1      | Juicyj the Merfolk Conjurer began the quest for the Orb.
     0 | D:1      | Reached XP level 1. HP: 13/13 MP: 3/3
    88 | D:1      | Slain by a hobgoblin

Illustrated notes

Levels and vault maps discovered:
D:1:      denvon_arrival_planthouse, layout_loops_ring, serial_aquarium,
          aquarium_bridge_square [aquarium_subvault_wall,
          aquarium_subvault_bridge, aquarium_subvault_wall,
          aquarium_subvault_wall], aquarium_window_corridor_3,
          aquarium_window_fake, aquarium_window_fake, aquarium_window_corner,
          aquarium_view_2d, aquarium_balcony_1b

Action                     || total
---------------------------++-------
  Melee: Unarmed           ||     7
   Cast: Magic Dart        ||     7
 Armour: Robe              ||     6
  Dodge: Dodged            ||    10

Table legend: (Time is in decaauts)
 A = Elapsed time spent in this place.
 B = Non-inter-level travel time spent in this place.
 C = Inter-level travel time spent in this place.
 D = Time resting spent in this place.
 E = Time spent auto-exploring this place.
 F = Levels seen in this place.
 G = Mean time per level.
                   A        B        C        D        E       F      G
               +--------+--------+--------+--------+--------+-----+--------+
         Total |     88 |     88 |      0 |      0 |     68 |   1 |   88.0 |
       Dungeon |     88 |     88 |      0 |      0 |     68 |   1 |   88.0 |
               +--------+--------+--------+--------+--------+-----+--------+

Top non-repeatable levels by time:
     D:1: 88 daAuts
